Map: Neon Violet Square LE

Players

JagrsMullets - Winner!

  • Race: Zerg Zerg
  • Spawn Location: 11:00

A.I. 1 (Medium)

  • Race: Zerg Zerg
  • Spawn Location: 5:00

VOD

Have the link to the VOD?

Description

Time

  • Played on: Dec. 9, 2017, 7:47 p.m.
  • Length: 38:50
Show
View Real Time Build Order
Export as new Build Order

JagrsMullets Zerg - Winner!

Build Orders: Pool First 

Get SALT Encoding   

  12  0:02  Drone  
  13  0:08  Drone  
  14  0:21  Overlord  
  14  0:28  Overlord  
  14  0:44  Spawning Pool  
  14  0:46  Drone  
  14  0:50  Drone  
  15  1:01  Extractor  
  14  1:07  Drone, Extractor  
  14  1:08  Drone  
  15  1:20  Drone x2  
  17  1:35  Drone  
  17  1:38  Queen  
  20  1:48  Metabolic Boost  
  20  1:56  Drone x2  
  22  2:11  Drone  
  22  2:14  Pneumatized Carapace, Zergling x2  
  24  2:31  Drone  
  25  2:55  Zergling x4  
  25  2:57  Queen  
  29  3:10  Drone  
  29  3:11  Hatchery  
  28  3:24  Zergling x4  
  30  3:36  Evolution Chamber  
  29  3:53  Spawning Pool  
  28  4:06  Zergling x2  
  28  4:07  Zergling x2  
  28  4:09  Overlord  
  30  4:30  Drone  
  30  4:31  Drone x2  
  33  4:33  Drone  
  33  4:37  Drone  
  29  4:54  Zergling x2  
  29  4:55  Zergling x4  
  29  4:57  Zergling x4  
  30  5:18  Zergling x2  
  30  5:19  Zergling x2  
  29  5:21  Zergling x2  
  29  5:22  Zergling x2  
  29  5:28  Zergling x2  
  31  5:31  Zergling x2  
  32  5:46  Zergling x2  
  33  6:02  Queen  
  35  6:05  Lair  
  35  6:08  Unknown, Drone x2  
  35  6:10  Zerg Melee Weapons Level 1  
  37  6:15  Unknown  
  32  6:19  Drone x3  
  35  6:34  Spine Crawler  
  35  6:36  Spine Crawler  
  35  6:39  Spine Crawler  
  32  7:04  Queen  
  32  7:07  Zergling x4  
  36  7:24  Spine Crawler  
  36  7:27  Spine Crawler  
  36  7:29  Spine Crawler  
  33  7:32  Spine Crawler  
  32  7:49  Hydralisk Den  
  31  8:04  Zerg Missile Weapons Level 1  
  31  8:14  Zergling x8  
  31  8:15  Zergling x2  
  31  8:17  Overlord  
  31  8:18  Overlord x2  
  33  8:57  Unknown  
  33  9:13  Hydralisk x4  
  33  9:14  Hydralisk x2  
  45  9:17  Hydralisk x5  
  45  9:18  Hydralisk  
  57  9:44  Hatchery, Muscular Augments  
  56  9:58  Zerg Melee Weapons Level 2  
  56  10:00  Infestation Pit  
  55  10:10  Drone x3  
  55  10:12  Drone x2  
  60  10:16  Overlord  
  60  10:22  Extractor  
  60  10:25  Extractor  
  58  10:33  Extractor  
  57  10:39  Hydralisk x2, Extractor  
  60  10:42  Hive  
  60  10:56  Drone x3  
  63  11:07  Drone x3  
  66  11:11  Drone  
  66  11:12  Drone  
  68  11:44  Drone  
  68  11:45  Drone x2  
  71  11:51  Hydralisk  
  71  11:54  Overlord x5  
  73  12:14  Zerg Missile Weapons Level 2  
  73  12:41  Spire  
  69  12:57  Unknown  
  66  13:27  Queen  
  66  13:33  Drone x3  
  73  13:45  Unknown  
  73  13:47  Adrenal Glands  
  73  13:52  Mutalisk x2, Queen  
  73  13:53  Mutalisk  
  79  14:10  Mutalisk x3  
  79  14:16  Mutalisk x3  
  91  14:30  Drone x2, Zerg Melee Weapons Level 3  
  93  14:36  Overlord x2  
  93  14:55  Mutalisk  
  95  15:00  Mutalisk x2  
  95  15:04  Drone  
  100  15:07  Drone x2  
  100  15:08  Drone  
  103  15:21  Mutalisk x2  
  107  15:29  Drone x3  
  107  15:34  Drone x2  
  112  15:53  Spore Crawler  
  111  15:57  Spore Crawler  
  111  16:02  Spore Crawler  
  109  16:04  Spore Crawler, Drone x2  
  110  16:18  Spore Crawler  
  110  16:20  Unknown, Drone x2  
  110  16:21  Spore Crawler  
  110  16:22  Spore Crawler  
  80  17:07  Zerg Ground Armor Level 1  
  80  17:14  Mutalisk x3  
  86  17:15  Mutalisk  
  86  17:16  Mutalisk x3  
  94  17:24  Overlord  
  94  17:25  Overlord x2  
  94  17:37  Zerg Flyer Weapons Level 1  
  94  17:42  Hydralisk x3  
  100  17:46  Hydralisk  
  102  17:54  Hydralisk x3  
  102  17:56  Hydralisk  
  111  18:05  Zergling x2  
  111  18:09  Zergling x4  
  111  18:12  Zergling x2  
  114  18:42  Mutalisk x3  
  114  18:46  Hydralisk x3  
  126  18:57  Zergling x2  
  126  18:58  Zergling x4  
  126  19:01  Zerg Missile Weapons Level 3  
  129  19:31  Zerg Flyer Armor Level 1  
  129  19:42  Unknown  
  106  20:09  Mutalisk x2  
  106  20:10  Mutalisk x4  
  118  20:15  Mutalisk x4  
  118  20:16  Mutalisk x2  
  130  20:38  Spine Crawler  
  129  20:42  Spine Crawler  
  129  20:44  Spine Crawler  
  129  20:46  Spine Crawler  
  129  20:48  Spine Crawler  
  125  21:01  Spire  
  124  21:09  Zergling x6  
  127  21:13  Hydralisk x6  
  127  21:18  Hydralisk x3  
  139  21:24  Zerg Flyer Weapons Level 2  
  145  21:38  Zerg Ground Armor Level 2  
  145  21:44  Zergling x4  
  147  21:48  Zergling x2  
  147  21:49  Zergling x4  
  150  22:04  Hydralisk x2  
  150  22:06  Overlord x4  
  154  22:44  Zergling x4  
  154  22:45  Zergling x10  
  161  22:51  Hydralisk  
  161  22:52  Hydralisk x6  
  175  23:10  Greater Spire  
  175  23:13  Mutalisk x2  
  175  23:18  Overlord x2  
  175  23:19  Overlord  
  179  23:35  Unknown  
  167  24:10  Hydralisk  
  167  24:11  Hydralisk x2  
  167  24:14  Hydralisk  
  167  24:15  Hydralisk x2  
  179  24:18  Hydralisk x4  
  187  25:09  Zerg Flyer Armor Level 2  
  187  25:12  Mutalisk  
  187  25:13  Mutalisk x2  
  193  25:58  Hatchery  
  192  26:23  Hatchery  
  191  26:38  Extractor  
  190  26:40  Extractor  
  190  26:41  Extractor  
  188  26:47  Extractor  
  168  27:37  Hydralisk  
  168  27:38  Hydralisk x2  
  168  27:40  Hydralisk x3  
  180  27:47  Hydralisk  
  182  27:56  Drone x2  
  184  28:02  Drone  
  185  28:42  Unknown  
  99  32:06  Hydralisk x2  
  99  32:07  Hydralisk  
  105  32:09  Hydralisk  
  105  32:10  Hydralisk x2  
  111  32:20  Hydralisk x3  
  79  34:03  Mutalisk x3  
  79  34:08  Mutalisk x3  
  91  34:12  Mutalisk x3  
  97  34:17  Mutalisk x3  
  103  34:57  Mutalisk x3  
  109  35:01  Mutalisk x3  
  109  35:04  Mutalisk  
  109  35:05  Mutalisk x2  
  121  35:09  Mutalisk x3  
  127  35:33  Mutalisk x2  
  131  35:36  Mutalisk x2  
  131  35:37  Mutalisk  
  131  35:40  Mutalisk x2  
  141  35:45  Mutalisk x2  
Show
View Real Time Build Order
Export as new Build Order

A.I. 1 (Medium) Zerg 

Build Orders: Pool First 

Get SALT Encoding   

  12  0:01  Drone  
  13  0:12  Overlord  
  13  0:18  Drone  
  14  0:31  Drone  
  14  0:33  Drone  
  16  0:43  Spawning Pool  
  16  0:45  Drone  
  16  0:49  Drone  
  17  0:52  Extractor  
  17  0:56  Drone  
  17  1:06  Overlord  
  17  1:31  Zergling x2, Queen  
  17  1:32  Zergling x2  
  21  1:38  Roach Warren, Drone  
  21  1:49  Drone  
  21  1:52  Baneling Nest  
  21  2:00  Zergling x2  
  22  2:11  Drone  
  23  2:21  Zergling x2  
  24  2:32  Overlord  
  24  2:35  Extractor  
  24  2:36  Baneling x2  
  23  2:37  Zergling x2  
  23  2:38  Drone, Zergling x2  
  23  2:44  Zergling x2  
  27  2:45  Evolution Chamber  
  26  2:54  Drone  
  27  3:05  Drone  
  28  3:10  Drone  
  29  3:13  Drone  
  29  3:14  Baneling  
  29  3:15  Zergling x2  
  29  3:17  Drone  
  31  3:28  Drone  
  32  3:38  Overlord  
  33  3:41  Drone  
  33  4:06  Roach, Lair, Drone  
  36  4:10  Overlord  
  36  4:13  Drone  
  37  4:17  Roach  
  37  4:21  Spore Crawler  
  38  4:24  Drone  
  38  4:28  Roach  
  38  4:30  Spore Crawler  
  40  4:32  Drone  
  41  4:40  Ravager  
  41  4:41  Ravager  
  41  4:43  Roach  
  43  4:54  Roach  
  43  4:55  Spine Crawler  
  43  4:56  Drone  
  45  5:03  Overseer  
  45  5:04  Spine Crawler  
  45  5:05  Drone  
  45  5:06  Overseer  
  45  5:07  Hydralisk Den  
  45  5:08  Drone  
  45  5:17  Queen  
  44  5:21  Zergling x2  
  43  5:32  Infestation Pit, Zergling x2  
  43  5:43  Hydralisk  
  43  5:44  Spire  
  43  5:45  Drone  
  45  5:52  Evolution Chamber  
  45  5:54  Drone  
  45  6:15  Zergling x2  
  45  6:27  Drone, Hatchery  
  45  7:39  Drone, Queen  
  45  7:42  Drone  
  49  7:45  Drone  
  49  7:47  Extractor  
  49  7:48  Spore Crawler, Drone  
  49  7:50  Spore Crawler  
  49  7:51  Drone  
  49  7:52  Extractor  
  49  7:54  Spore Crawler, Drone  
  49  7:56  Drone  
  49  7:59  Drone  
  49  8:00  Hydralisk  
  49  8:02  Overlord, Drone  
  53  8:09  Pneumatized Carapace  
  53  8:16  Hive  
  53  8:24  Overseer  
  52  8:43  Zergling x2  
  44  8:55  Hydralisk  
  40  9:18  Hydralisk  
  42  9:30  Ultralisk Cavern  
  41  9:31  Hydralisk  
  41  9:33  Overlord  
  41  9:36  Drone  
  44  9:40  Drone  
  44  9:43  Drone  
  46  9:46  Drone  
  46  9:50  Drone  
  48  9:53  Drone  
  48  9:56  Drone  
  50  10:01  Overlord  
  50  10:04  Drone  
  51  10:08  Drone  
  51  10:11  Drone  
  51  10:14  Drone  
  54  10:17  Ultralisk, Drone  
  54  10:19  Drone  
  62  10:22  Drone  
  62  10:27  Overlord  
  63  10:30  Ultralisk, Drone  
  63  10:32  Drone  
  71  10:35  Drone  
  71  10:39  Zerg Melee Weapons Level 1  
  72  10:43  Ultralisk  
  72  10:44  Zerg Ground Armor Level 1  
  78  10:52  Burrow  
  78  10:57  Spine Crawler  
  78  10:59  Drone  
  78  11:03  Spine Crawler  
  77  11:04  Drone  
  77  11:06  Greater Spire  
  78  12:04  Roach, Overlord  
  78  12:07  Hatchery  
  79  12:09  Roach  
  79  12:13  Roach  
  83  12:17  Infestor  
  83  12:22  Roach  
  87  12:24  Overlord  
  87  12:26  Roach  
  89  12:30  Roach  
  89  12:31  Ultralisk  
  89  12:33  Zerg Missile Weapons Level 1  
  89  12:34  Infestor  
  93  12:38  Zerg Melee Weapons Level 2  
  93  12:39  Roach  
  93  12:43  Roach  
  97  12:44  Overlord  
  97  12:48  Roach  
  96  12:52  Roach  
  96  12:56  Roach  
  96  12:57  Overseer  
  82  12:59  Overseer  
  82  13:03  Roach, Overlord  
  84  13:12  Hydralisk  
  80  13:16  Infestor  
  82  13:21  Infestor, Overlord, Drone  
  82  13:24  Drone  
  82  13:25  Hydralisk  
  82  13:27  Drone  
  89  13:29  Hydralisk  
  89  13:30  Drone  
  89  13:32  Drone  
  93  13:34  Zergling x2  
  93  13:35  Drone  
  93  13:38  Hydralisk, Drone  
  98  13:41  Drone  
  98  13:45  Overlord  
  98  13:46  Drone  
  100  13:49  Drone  
  101  14:01  Zerg Flyer Weapons Level 1  
  101  14:05  Overlord  
  101  14:13  Extractor  
  101  14:14  Drone  
  101  14:15  Spore Crawler  
  100  14:17  Drone  
  100  14:18  Spore Crawler  
  100  14:20  Drone  
  100  14:23  Queen  
  103  14:27  Zerg Ground Armor Level 2  
  103  14:36  Extractor  
  103  14:37  Drone  
  103  14:42  Spine Crawler  
  103  14:43  Drone  
  103  14:45  Spine Crawler  
  102  14:46  Drone  
  103  14:54  Zerg Missile Weapons Level 2  
  103  15:02  Spire, Drone  
  103  15:39  Hydralisk, Overlord  
  105  15:43  Hydralisk  
  107  15:55  Zerg Flyer Armor Level 1  
  107  16:13  Zerg Flyer Weapons Level 2  
  107  16:20  Zergling x2  
  107  16:24  Hydralisk  
  101  16:36  Hydralisk  
  89  16:40  Hydralisk  
  89  16:43  Zerg Melee Weapons Level 3  
  89  16:45  Hydralisk, Overseer  
  81  16:50  Roach, Overlord, Overseer  
  79  16:54  Roach  
  79  16:58  Roach  
  81  17:03  Roach  
  81  17:04  Hatchery  
  81  17:06  Infestor  
  84  17:10  Zerg Ground Armor Level 3  
  84  17:11  Roach  
  86  17:16  Roach  
  86  17:20  Roach, Ravager, Overlord  
  91  17:25  Roach, Ravager  
  91  17:29  Ravager  
  97  17:30  Roach  
  97  17:34  Roach, Ravager  
  100  17:51  Zerg Flyer Armor Level 2  
  100  18:17  Drone, Queen  
  103  18:21  Extractor  
  103  18:22  Drone  
  103  18:25  Spore Crawler, Drone  
  103  18:29  Spore Crawler, Drone  
  103  18:31  Extractor  
  103  18:32  Drone  
  103  18:54  Spine Crawler  
  103  18:55  Drone  
  103  18:56  Spine Crawler  
  103  18:57  Corruptor  
  103  18:58  Overlord, Drone  
  105  19:07  Corruptor  
  107  19:17  Infestor, Overlord  
  107  19:20  Zerg Missile Weapons Level 3  
  109  19:34  Corruptor, Brood Lord  
  109  19:37  Overlord  
  113  19:44  Zergling x2  
  92  19:53  Corruptor, Brood Lord  
  92  19:58  Overseer  
  79  20:01  Overseer  
  79  20:02  Infestor  
  81  20:12  Corruptor, Brood Lord  
  85  20:29  Corruptor  
  85  20:30  Brood Lord  
  89  20:48  Corruptor  
  89  20:49  Brood Lord  
  93  22:29  Overlord, Overseer  
  93  22:41  Roach  
  95  22:44  Roach  
  95  22:48  Roach, Overlord  
  99  22:51  Roach  
  99  22:54  Hydralisk  
  103  22:59  Roach  
  103  23:02  Roach  
  107  23:06  Roach, Overlord  
  107  23:09  Roach  
  107  23:12  Hydralisk  
  111  23:16  Hydralisk  
  115  23:20  Roach  
  115  23:24  Roach, Overlord  
  119  23:27  Roach  
  119  23:31  Roach  
  118  23:35  Roach  
  118  23:38  Roach  
  120  23:42  Overlord, Zergling x2  
  120  23:43  Hatchery  
  120  23:45  Roach  
  116  23:49  Roach  
  116  23:51  Overseer  
  116  23:52  Hydralisk, Overseer  
  108  23:56  Hydralisk  
  108  24:00  Infestor, Overlord  
  108  24:04  Hydralisk  
  110  24:19  Overlord  
  110  24:56  Queen  
  112  25:11  Drone, Extractor  
  112  25:12  Spore Crawler  
  111  25:14  Drone  
  111  25:15  Spore Crawler  
  111  25:17  Drone, Extractor  
  111  25:20  Drone  
  112  25:33  Drone  
  113  25:38  Spine Crawler  
  113  25:39  Drone  
  113  25:40  Spine Crawler  
  113  25:42  Drone  
  113  25:44  Spine Crawler  
  113  25:45  Drone  
  113  26:07  Ultralisk, Overlord  
  119  26:17  Ultralisk  
  125  26:25  Overlord  
  125  26:27  Ultralisk  
  131  26:37  Ultralisk  
  137  26:43  Overlord  
  143  26:47  Ultralisk  
  143  26:53  Hatchery  
  131  26:55  Drone  
  131  26:57  Ultralisk  
  110  27:04  Overseer x2  
  110  27:07  Zergling x2  
  103  27:16  Hydralisk  
  105  27:26  Hydralisk  
  107  27:36  Hydralisk  
  109  27:46  Hydralisk  
  111  28:06  Queen  
  113  28:25  Extractor  
  113  28:26  Drone  
  113  28:30  Spore Crawler  
  113  28:31  Drone  
  113  28:33  Spore Crawler  
  113  28:34  Extractor, Drone  
  113  28:37  Drone  
  113  28:58  Spine Crawler, Drone  
  113  28:59  Spine Crawler  
  113  29:01  Drone  
  112  29:17  Drone  
  112  29:20  Drone  
  112  29:23  Drone  
  102  29:25  Drone, Overseer  
  102  29:26  Overlord  
  102  29:27  Ultralisk  
  102  29:28  Drone  
  97  29:31  Drone  
  97  29:34  Drone  
  97  29:37  Drone, Zergling x2  
  67  29:44  Drone, Overlord  
  68  29:47  Drone  
  68  29:48  Ultralisk  
  68  29:50  Drone  
  75  29:53  Drone  
  75  29:56  Drone, Zergling x2  
  75  29:59  Drone  
  71  30:02  Drone, Queen  
  71  30:03  Overlord, Zergling x2, Queen  
  71  30:05  Drone  
  77  30:07  Ultralisk  
  77  30:11  Ultralisk  
  77  30:12  Overseer  
  77  30:13  Overlord  
  77  30:14  Overlord  
  83  30:21  Roach  
  83  30:22  Overseer  
  83  30:26  Hydralisk  
  77  30:30  Roach  
  77  30:32  Overlord  
  77  30:34  Roach  
  80  30:37  Hydralisk, Drone  
  80  30:38  Ultralisk  
  80  30:40  Hydralisk  
  80  30:41  Ultralisk Cavern  
  69  30:45  Roach  
  69  30:49  Roach  
  67  30:50  Spore Crawler  
  53  30:59  Spore Crawler, Drone, Queen  
  53  31:00  Roach, Drone  
  53  31:01  Overlord, Queen  
  53  31:03  Drone  
  53  31:04  Roach  
  49  31:06  Drone  
  49  31:07  Roach  
  49  31:09  Drone  
  49  31:11  Roach  
  45  31:12  Drone  
  45  31:15  Roach, Drone  
  45  31:18  Roach, Drone  
  35  31:21  Drone  
  35  31:22  Roach  
  35  31:24  Drone  
  40  31:26  Hatchery  
  40  31:28  Roach  
  40  31:30  Overlord  
  37  31:33  Hydralisk  
  37  31:35  Spore Crawler  
  37  31:37  Queen  
  37  31:38  Baneling Nest  
  36  31:42  Roach  
  36  31:48  Roach  
  36  31:49  Overlord  
  36  31:51  Hydralisk  
  36  31:52  Overseer  
  32  32:03  Roach  
  32  32:06  Hydralisk, Extractor  
  32  32:07  Overlord  
  31  32:14  Hatchery  
  30  32:17  Hydralisk  
  30  32:18  Queen  
  30  32:24  Hydralisk  
  30  32:25  Overlord  
  30  32:28  Hydralisk  
  30  32:29  Hatchery  
  33  32:36  Drone  
  34  32:37  Mutalisk  
  34  32:39  Drone  
  34  32:42  Drone  
  37  32:48  Drone  
  37  32:50  Overlord  
  37  32:51  Drone  
  39  33:06  Drone, Extractor  
  39  33:09  Drone, Overlord, Evolution Chamber  
  39  33:12  Drone  
  40  33:13  Spawning Pool  
  40  33:15  Drone  
  40  33:18  Drone  
  41  33:22  Drone  
  41  33:25  Drone  
  41  33:26  Drone, Evolution Chamber  
  28  33:31  Drone x2  
  28  33:34  Overlord, Drone, Hatchery  
  25  33:45  Hatchery  
  24  33:52  Overlord  
  22  34:00  Zergling x2  
  22  34:01  Lair, Extractor  
  22  34:02  Queen  
  24  34:11  Overlord  
  24  34:14  Drone, Zergling x2  
  26  34:17  Drone  
  26  34:21  Zergling x2  
  27  34:24  Drone x2  
  27  34:29  Drone, Spore Crawler, Overlord, Zergling x2  
  26  34:32  Drone  
  26  34:35  Drone  
  26  34:36  Zergling x2  
  26  34:37  Metabolic Boost  
  30  34:38  Drone  
  29  34:48  Overlord  
  26  34:53  Drone  
  26  34:54  Roach Warren  
  26  34:56  Spore Crawler, Queen  
  26  34:57  Drone  
  26  34:58  Spore Crawler  
  26  34:59  Zergling x2  
  25  35:00  Drone, Queen  
  25  35:01  Spore Crawler  
  25  35:03  Drone  
  25  35:04  Drone  
  25  35:05  Queen  
  25  35:06  Overlord, Drone, Queen  
  33  35:08  Drone  
  33  35:09  Drone  
  33  35:12  Spore Crawler, Drone  
  33  35:13  Overseer  
  32  35:15  Drone, Zergling x2  
  32  35:17  Overseer  
  32  35:18  Drone  
  32  35:19  Spore Crawler  
  32  35:21  Spire, Drone, Overseer  
  34  35:23  Zergling x2  
  34  35:24  Drone  
  34  35:26  Drone  
  34  35:28  Infestation Pit  
  36  35:29  Drone  
  36  35:30  Spine Crawler  
  36  35:31  Spine Crawler  
  36  35:32  Drone  
  36  35:35  Baneling Nest, Drone  
  36  35:36  Spine Crawler  
  36  35:38  Drone  
  37  35:42  Drone  
  37  35:44  Hydralisk Den  
  37  35:47  Drone, Evolution Chamber  
  36  35:51  Drone  
  36  35:55  Drone  
  38  35:58  Drone  
  38  36:00  Overlord  
  39  36:05  Infestor  
  39  36:06  Hive  
  39  36:10  Drone  
  42  36:14  Drone  
  42  36:15  Infestor  
  45  36:19  Drone  
  45  36:22  Drone  
  47  36:26  Drone  
  47  36:29  Drone  
  47  36:30  Spine Crawler  
  47  36:32  Corruptor  
  48  36:36  Drone  
  48  36:39  Drone  
  52  36:42  Corruptor  
  52  36:44  Overlord  
  54  36:48  Drone  
  54  36:50  Drone  
  54  36:53  Drone  
  57  36:56  Drone  
  57  36:59  Drone  
  59  37:02  Overseer  
  59  37:06  Overlord  
  59  37:11  Hydralisk, Queen  
  52  37:18  Hydralisk  
  52  37:22  Ultralisk Cavern  
  48  37:43  Spawning Pool  
  43  37:46  Spire  
  43  37:49  Overlord, Overseer  
  43  37:50  Overlord  
  40  37:54  Evolution Chamber  
  38  37:58  Evolution Chamber  
  37  38:09  Overlord  
  34  38:16  Spawning Pool  
  34  38:19  Hatchery  
Tags
 
Add a new tag
Caveats
  • Supply blocks, unpowered buildings, or Contaminate may cause inaccurate times.
  • Supply counts are checked every 10 seconds.